TOP OF THE 1ST |
Louisiana State University Tigers batting - Pitching for University of Southern California Trojans : RHP Carlton Howe
|
Pitching: RHP Carlton Howe
|
|
Batting: SHB Emmet Brickowski
|
0-0: Ball 1-0: Called Strike 1-1: Ball 2-1: Bunt for hit to 15 - play at first, batter OUT! 1-3
|
Batting: RHB Fate Makeever
|
0-0: Swinging Strike 0-1: SOLO HOME RUN (Flyball, 8LXD, EV 109.4 MPH), Distance : 444 ft
|
Batting: RHB Alberto Bravo
|
0-0: Called Strike 0-1: Foul Ball, location: 2F 0-2: Ball 1-2: Ball 2-2: Foul Ball, location: 2F 2-2: SINGLE (Line Drive, 6MD, EV 107.5 MPH)
|
Batting: LHB Bob Govella
|
0-0: Called Strike 0-1: Foul Ball, location: 2F 0-2: Fly out, F2 (Popup, 23F, EV 81.9 MPH)
|
Batting: RHB David Lobacz
|
0-0: SINGLE (Line Drive, 9S, EV 94.4 MPH) Alberto Bravo to second Runner from 2nd tries for 3rd, OUT! 9-5
|
Top of the 1st over - 1 run, 3 hits, 0 errors, 1 left on base; Louisiana State University 1 - University of Southern California 0 |
BOTTOM OF THE 1ST |
University of Southern California Trojans batting - Pitching for Louisiana State University Tigers : LHP Ricky Herrera
|
Pitching: LHP Ricky Herrera
|
|
Batting: LHB Nick Martin
|
0-0: Swinging Strike 0-1: Ball 1-1: Ball 2-1: Ball 3-1: Foul Ball, location: 2F 3-2: DOUBLE (Groundball, 3L, EV 105.6 MPH)
|
Batting: RHB Carlos Livas
|
0-0: Foul Ball, location: 2F 0-1: Ball 1-1: DOUBLE (Line Drive, 9LS, EV 105.6 MPH) Nick Martin scores
|
Batting: RHB Jimmy McIntosh
|
0-0: Called Strike 0-1: Foul Ball, location: 2F 0-2: Ball 1-2: Fly out, F9 (Flyball, 9, EV 90.0 MPH)
|
Batting: RHB Jon Solis
|
0-0: Called Strike 0-1: Ball Carlos Livas steals 3rd base 1-1: Swinging Strike 1-2: Ball 2-2: Ball 3-2: Base on Balls
|
Batting: LHB Miguel Espinoza
|
0-0: Swinging Strike 0-1: Fielders Choice at 2nd, 5-4 (Groundball, 56, EV 84.4 MPH) Carlos Livas scores
|
Batting: RHB Arturo Galdamez
|
0-0: Ball 1-0: Called Strike 1-1: Fielders Choice at 2nd, U6 (Groundball, 4MD, EV 91.9 MPH)
|
Bottom of the 1st over - 2 runs, 2 hits, 0 errors, 1 left on base; Louisiana State University 1 - University of Southern California 2 |
TOP OF THE 2ND |
Louisiana State University Tigers batting - Pitching for University of Southern California Trojans : RHP Carlton Howe
|
Batting: RHB Jwahir Pili
|
0-0: Foul Ball, location: 2F 0-1: Foul Ball, location: 2F 0-2: Ground out 4-3 (Groundball, 4, EV 78.1 MPH)
|
Batting: SHB Jose Melendez
|
0-0: Ball 1-0: Called Strike 1-1: Foul Ball, location: 2F 1-2: Foul Ball, location: 2F 1-2: Strikes out looking
|
Batting: RHB Fernando Membreno
|
0-0: Ball 1-0: Swinging Strike 1-1: Ball 2-1: Ball 3-1: Base on Balls
|
Batting: RHB Franklin van den Berg
|
0-0: Fielders Choice at 2nd, 6-4 (Groundball, 6, EV 103.8 MPH)
|
Top of the 2nd over - 0 runs, 0 hits, 0 errors, 1 left on base; Louisiana State University 1 - University of Southern California 2 |
BOTTOM OF THE 2ND |
University of Southern California Trojans batting - Pitching for Louisiana State University Tigers : LHP Ricky Herrera
|
Batting: LHB Alex Chairez
|
0-0: Ground out 3-1 (Groundball, 34S, EV 79.4 MPH)
|
Batting: LHB Vinaya Satyavrat
|
0-0: Ball 1-0: SINGLE (Groundball, 34D, EV 111.2 MPH)
|
Batting: RHB Paul Ngumi
|
0-0: Grounds into double play, 6-4-3 (Groundball, 6, EV 83.1 MPH)
|
Bottom of the 2nd over - 0 runs, 1 hit, 0 errors, 0 left on base; Louisiana State University 1 - University of Southern California 2 |
TOP OF THE 3RD |
Louisiana State University Tigers batting - Pitching for University of Southern California Trojans : RHP Carlton Howe
|
Batting: SHB Emmet Brickowski
|
0-0: DOUBLE (Line Drive, 89XD, EV 101.2 MPH)
|
Batting: RHB Fate Makeever
|
0-0: Called Strike 0-1: SINGLE (Line Drive, 6MD, EV 96.2 MPH) Emmet Brickowski to third
|
Batting: RHB Alberto Bravo
|
0-0: Foul Ball, location: 2F 0-1: Foul Ball, location: 2F 0-2: Strikes out looking
|
Batting: LHB Bob Govella
|
0-0: Called Strike Fate Makeever steals 2nd base 0-1: Foul Ball, location: 2F 0-2: Strikes out looking
|
Batting: RHB David Lobacz
|
0-0: Ball 1-0: SINGLE (Groundball, 6D, EV 101.9 MPH) Emmet Brickowski scores Fate Makeever to third Runner from 3rd tries for Home, SAFE, throw by CF to home
|
Batting: RHB Jwahir Pili
|
0-0: Ball 1-0: Foul Ball, location: 2F 1-1: Foul Ball, location: 2F 1-2: Fly out, F3 (Line Drive, 3, EV 73.1 MPH)
|
Top of the 3rd over - 2 runs, 3 hits, 0 errors, 1 left on base; Louisiana State University 3 - University of Southern California 2 |
BOTTOM OF THE 3RD |
University of Southern California Trojans batting - Pitching for Louisiana State University Tigers : LHP Ricky Herrera
|
Batting: LHB Nick Martin
|
0-0: Ball 1-0: Ball 2-0: Foul Ball, location: 2F 2-1: Ball 3-1: SINGLE (Groundball, 25, EV 73.1 MPH) (infield hit)
|
Batting: RHB Carlos Livas
|
0-0: Called Strike 0-1: Ball 1-1: Called Strike Nick Martin steals 2nd base 1-2: SINGLE (Line Drive, 6MD, EV 96.9 MPH) Nick Martin to third
|
Batting: RHB Jimmy McIntosh
|
0-0: Ball 1-0: DOUBLE (Groundball, 5L, EV 103.1 MPH) Nick Martin scores Carlos Livas to third
|
Batting: RHB Jon Solis
|
0-0: Called Strike 0-1: Foul Ball, location: 2F 0-2: Ball 1-2: Ball 2-2: Fly out, F2 (Popup, 3SF, EV 85.0 MPH)
|
Batting: LHB Miguel Espinoza
|
0-0: Ball 1-0: Ball 2-0: Called Strike 2-1: SINGLE (Groundball, 3D, EV 100.6 MPH) Carlos Livas scores Jimmy McIntosh to third
|
Batting: RHB Arturo Galdamez
|
0-0: Called Strike 0-1: SINGLE (Groundball, 56S, EV 74.4 MPH) (infield hit) Jimmy McIntosh scores Miguel Espinoza to second
|
Pitching: LHP Ricardo de la Torre
|
|
Batting: LHB Alex Chairez
|
0-0: Ball 1-0: Called Strike 1-1: Called Strike 1-2: Fielders Choice at 2nd, 1-6 (Groundball, P, EV 68.8 MPH) Miguel Espinoza to third
|
Batting: LHB Vinaya Satyavrat
|
0-0: SINGLE (Groundball, 4, EV 97.5 MPH) Miguel Espinoza scores Alex Chairez to second Runner from 2nd tries for 3rd, SAFE, throw by CF made at trailing runner, OUT! 8-6
|
Bottom of the 3rd over - 4 runs, 6 hits, 0 errors, 1 left on base; Louisiana State University 3 - University of Southern California 6 |
TOP OF THE 4TH |
Louisiana State University Tigers batting - Pitching for University of Southern California Trojans : RHP Carlton Howe
|
Batting: SHB Jose Melendez
|
0-0: Ball 1-0: Ball 2-0: SINGLE (Line Drive, 8LS, EV 88.8 MPH)
|
Batting: RHB Fernando Membreno
|
0-0: Ball Jose Melendez steals 2nd base 1-0: Ball 2-0: Ball 3-0: Called Strike 3-1: Base on Balls
|
Batting: RHB Franklin van den Berg
|
0-0: Called Strike 0-1: Fly out, F6 (Flyball, 6D, EV 85.6 MPH)
|
Batting: SHB Emmet Brickowski
|
0-0: Swinging Strike 0-1: Fielders Choice at 2nd, 5-4 (Groundball, 5, EV 99.4 MPH) Jose Melendez to third
|
Batting: RHB Fate Makeever
|
0-0: Called Strike 0-1: Fly out, F6 (Line Drive, 6, EV 61.9 MPH)
|
Top of the 4th over - 0 runs, 1 hit, 0 errors, 2 left on base; Louisiana State University 3 - University of Southern California 6 |
BOTTOM OF THE 4TH |
University of Southern California Trojans batting - Pitching for Louisiana State University Tigers : LHP Ricardo de la Torre
|
Batting: RHB Paul Ngumi
|
0-0: Ball 1-0: Called Strike 1-1: Ball 2-1: Ball 3-1: Base on Balls
|
Batting: LHB Nick Martin
|
0-0: Foul Ball, location: 2F 0-1: Called Strike 0-2: SINGLE (Groundball, 5S, EV 65.6 MPH) (infield hit) Paul Ngumi to second
|
Batting: RHB Carlos Livas
|
0-0: Ball 1-0: Ball 2-0: Called Strike 2-1: Fly out, F9 (Flyball, 9LM, EV 85.0 MPH)
|
Batting: RHB Jimmy McIntosh
|
0-0: Ball 1-0: Foul Ball, location: 2F 1-1: Swinging Strike 1-2: Ball 2-2: Ball 3-2: Fly out, F8 (Flyball, 89M, EV 91.2 MPH)
|
Batting: RHB Jon Solis
|
0-0: Ball 1-0: Fly out, F7 (Line Drive, 7D, EV 92.5 MPH)
|
Bottom of the 4th over - 0 runs, 1 hit, 0 errors, 2 left on base; Louisiana State University 3 - University of Southern California 6 |
TOP OF THE 5TH |
Louisiana State University Tigers batting - Pitching for University of Southern California Trojans : RHP Carlton Howe
|
Batting: RHB Alberto Bravo
|
0-0: Ball 1-0: Called Strike 1-1: Ball 2-1: Ball 3-1: Ground out 3-1 (Groundball, 34, EV 88.8 MPH)
|
Batting: LHB Bob Govella
|
0-0: Ball 1-0: Called Strike 1-1: Foul Ball, location: 2F 1-2: Ball 2-2: Strikes out swinging
|
Batting: RHB David Lobacz
|
0-0: Ball 1-0: Fly out, F3 (Popup, 3, EV 83.1 MPH)
|
Top of the 5th over - 0 runs, 0 hits, 0 errors, 0 left on base; Louisiana State University 3 - University of Southern California 6 |
BOTTOM OF THE 5TH |
University of Southern California Trojans batting - Pitching for Louisiana State University Tigers : LHP Ricardo de la Torre
|
Batting: LHB Miguel Espinoza
|
0-0: Called Strike 0-1: Ball 1-1: Ball 2-1: Foul Ball, location: 2F 2-2: SINGLE (Groundball, 4MD, EV 109.4 MPH) (infield hit)
|
Batting: RHB Arturo Galdamez
|
0-0: Called Strike 0-1: Ball 1-1: Foul Ball, location: 2F 1-2: Strikes out swinging
|
Batting: LHB Alex Chairez
|
0-0: Called Strike 0-1: Called Strike 0-2: Ball 1-2: Fielders Choice at 2nd, 3-6 (Groundball, 3, EV 91.2 MPH)
|
Batting: LHB Vinaya Satyavrat
|
0-0: Ball 1-0: Called Strike 1-1: Ground out U3 (Groundball, 3L, EV 106.9 MPH)
|
Bottom of the 5th over - 0 runs, 1 hit, 0 errors, 1 left on base; Louisiana State University 3 - University of Southern California 6 |
TOP OF THE 6TH |
Louisiana State University Tigers batting - Pitching for University of Southern California Trojans : RHP Carlton Howe
|
Batting: RHB Jwahir Pili
|
0-0: Swinging Strike 0-1: Ball 1-1: SINGLE (Groundball, 34D, EV 101.9 MPH)
|
Batting: SHB Jose Melendez
|
0-0: Fly out, F8 (Line Drive, 8RM, EV 98.1 MPH)
|
Pitching: RHP Oscar Alvarado
|
|
Batting: RHB Fernando Membreno
|
0-0: Ball 1-0: Swinging Strike 1-1: Foul Ball, location: 2F 1-2: Ball Jwahir Pili steals 2nd base 2-2: Ball 3-2: Base on Balls
|
Batting: RHB Franklin van den Berg
|
0-0: Called Strike 0-1: Called Strike 0-2: Foul Ball, location: 2F 0-2: Grounds into double play, 6-4-3 (Groundball, 6, EV 100.6 MPH)
|
Top of the 6th over - 0 runs, 1 hit, 0 errors, 1 left on base; Louisiana State University 3 - University of Southern California 6 |
BOTTOM OF THE 6TH |
University of Southern California Trojans batting - Pitching for Louisiana State University Tigers : LHP Ricardo de la Torre
|
Pitching: LHP Ighlas Kumbuka
|
|
Batting: RHB Paul Ngumi
|
0-0: Ball 1-0: Foul Ball, location: 2F 1-1: SINGLE (Groundball, 56D, EV 96.2 MPH)
|
Batting: LHB Nick Martin
|
0-0: Called Strike 0-1: Ball 1-1: Foul Ball, location: 2F 1-2: Fielders Choice at 2nd, 6-4 (Groundball, 6, EV 105.6 MPH)
|
Batting: RHB Carlos Livas
|
0-0: Swinging Strike 0-1: Ball 1-1: Ball 2-1: Fielders Choice at 2nd, 4-6 (Groundball, 4, EV 103.1 MPH)
|
Batting: RHB Jimmy McIntosh
|
0-0: Called Strike Carlos Livas steals 2nd base (no throw) 0-1: Called Strike 0-2: Ball 1-2: Ball 2-2: Fly out, F8 (Flyball, 8RS, EV 91.9 MPH)
|
Bottom of the 6th over - 0 runs, 1 hit, 0 errors, 1 left on base; Louisiana State University 3 - University of Southern California 6 |
TOP OF THE 7TH |
Louisiana State University Tigers batting - Pitching for University of Southern California Trojans : RHP Oscar Alvarado
|
Batting: SHB Emmet Brickowski
|
0-0: Ball 1-0: Ball 2-0: SINGLE (Groundball, 4MD, EV 103.1 MPH) (infield hit)
|
Batting: RHB Fate Makeever
|
0-0: Ball Emmet Brickowski steals 2nd, throwing error, E2 Emmet Brickowski to third 1-0: Foul Ball, location: 2F 1-1: Foul Ball, location: 2F 1-2: Ball 2-2: Foul Ball, location: 2F 2-2: SINGLE (Flyball, 56D, EV 93.8 MPH) Emmet Brickowski scores
|
Batting: RHB Alberto Bravo
|
0-0: Ball 1-0: Swinging Strike 1-1: Called Strike 1-2: Ball 2-2: Fielders Choice at 2nd, 5-4 (Groundball, 56S, EV 88.8 MPH)
|
Pinch Hitting: SHB Noah Long
|
0-0: Swinging Strike 0-1: Foul Ball, location: 2F 0-2: Foul Ball, location: 2F 0-2: Ground out 5-3 (Groundball, 56S, EV 65.6 MPH) Alberto Bravo to second
|
Batting: RHB David Lobacz
|
0-0: Ball 1-0: Ball 2-0: Ball 3-0: Base on Balls
|
Pitching: RHP Eddie Magallanes
|
|
Batting: RHB Jwahir Pili
|
0-0: Ball 1-0: Ball 2-0: Called Strike 2-1: Fly out, F8 (Flyball, 89D, EV 91.9 MPH)
|
Top of the 7th over - 1 run, 2 hits, 1 error, 2 left on base; Louisiana State University 4 - University of Southern California 6 |
BOTTOM OF THE 7TH |
University of Southern California Trojans batting - Pitching for Louisiana State University Tigers : LHP Ighlas Kumbuka
|
Pitching: RHP Jesus Castro
|
|
Now in RF: Dennis Cox
|
|
Batting: RHB Jon Solis
|
0-0: Ball 1-0: Ball 2-0: SOLO HOME RUN (Flyball, 7D, EV 108.8 MPH), Distance : 408 ft
|
Batting: LHB Miguel Espinoza
|
0-0: Fly out, F8 (Flyball, 8LM, EV 90.0 MPH)
|
Batting: RHB Arturo Galdamez
|
0-0: Called Strike 0-1: Ball 1-1: Foul Ball, location: 2F 1-2: Ball 2-2: Foul Ball, location: 2F 2-2: Strikes out swinging
|
Batting: LHB Alex Chairez
|
0-0: Ball 1-0: TRIPLE (Flyball, 9D, EV 99.4 MPH)
|
Batting: LHB Vinaya Satyavrat
|
0-0: Swinging Strike 0-1: Ball 1-1: Ball 2-1: Ball 3-1: Called Strike 3-2: Foul Ball, location: 2F 3-2: Base on Balls
|
Batting: RHB Paul Ngumi
|
0-0: Ball 1-0: Foul Ball, location: 2F 1-1: Foul Ball, location: 2F 1-2: Foul Ball, location: 2F 1-2: Foul Ball, location: 2F 1-2: Strikes out looking
|
Bottom of the 7th over - 1 run, 2 hits, 0 errors, 2 left on base; Louisiana State University 4 - University of Southern California 7 |
TOP OF THE 8TH |
Louisiana State University Tigers batting - Pitching for University of Southern California Trojans : RHP Eddie Magallanes
|
Batting: SHB Jose Melendez
|
0-0: Ball 1-0: Called Strike 1-1: Swinging Strike 1-2: Fly out, F7 (Flyball, 7, EV 75.6 MPH)
|
Batting: RHB Fernando Membreno
|
0-0: Ball 1-0: Ball 2-0: Fly out, F8 (Flyball, 8RXD, EV 108.1 MPH)
|
Batting: RHB Franklin van den Berg
|
0-0: Called Strike 0-1: Ball 1-1: Foul Ball, location: 2F 1-2: Ball 2-2: Strikes out swinging
|
Top of the 8th over - 0 runs, 0 hits, 0 errors, 0 left on base; Louisiana State University 4 - University of Southern California 7 |
BOTTOM OF THE 8TH |
University of Southern California Trojans batting - Pitching for Louisiana State University Tigers : RHP Jesus Castro
|
Batting: LHB Nick Martin
|
0-0: Ball 1-0: Called Strike 1-1: Foul Ball, location: 2F 1-2: Ball 2-2: Ball 3-2: Fly out, F8 (Line Drive, 8RS, EV 93.8 MPH)
|
Pinch Hitting: LHB Beau Aderson
|
0-0: Ground out 5-3 (Groundball, 56, EV 88.8 MPH)
|
Batting: RHB Jimmy McIntosh
|
0-0: Ground out 6-3 (Groundball, 6S, EV 91.2 MPH)
|
Bottom of the 8th over - 0 runs, 0 hits, 0 errors, 0 left on base; Louisiana State University 4 - University of Southern California 7 |
TOP OF THE 9TH |
Louisiana State University Tigers batting - Pitching for University of Southern California Trojans : RHP Eddie Magallanes
|
Pitching: RHP Dave Vandehey
|
|
Now at 1B: Carlos Gonzalez
|
|
Pinch Hitting: RHB Mike Larson
|
0-0: Ball 1-0: Foul Ball, location: 2F 1-1: Foul Ball, location: 2F 1-2: Strikes out looking
|
Batting: RHB Fate Makeever
|
0-0: Ground out 4-3 (Groundball, 4, EV 83.8 MPH)
|
Batting: RHB Alberto Bravo
|
0-0: Ball 1-0: Foul Ball, location: 2F 1-1: Called Strike 1-2: Foul Ball, location: 2F 1-2: Fly out, F3 (Line Drive, 3, EV 63.1 MPH)
|
Top of the 9th over - 0 runs, 0 hits, 0 errors, 0 left on base; Louisiana State University 4 - University of Southern California 7 |
|